 Dungeon Crawl Stone Soup version 0.20.1-1-g8b1a95d (webtiles) character file.

244 Mesmaeker13 the Digger (level 5, -6/42 HPs)
             Began as a Deep Dwarf Earth Elementalist on July 12, 2017.
             Mangled by an iguana (7 damage)
             ... on level 4 of the Dungeon.
             The game lasted 00:07:58 (2761 turns).

Mesmaeker13 the Digger (DDEE)                       Turns: 2761, Time: 00:07:58

Health: -6/42      AC:  3    Str: 12    XL:     5   Next: 83%
Magic:  2/9        EV: 14    Int: 16    God:
Gold:   164        SH:  0    Dex: 13    Spells: 6/10 levels left

rFire    . . .     SeeInvis .   l - +1 dagger (drain)
rCold    . . .     Gourm    .   (no shield)
rNeg     . . .     Faith    .   c - +0 robe
rPois    .         Spirit   .   s - +0 helmet (curse)
rElec    .         Reflect  .   (no cloak)
rCorr    .         Harm     .   (no gloves)
MR       .....                  (no boots)
Stlth    ++........             (no amulet)
Regen    0.0/turn               (no ring)
MPRegen  0.2/turn               (no ring)

@: non-regenerating
A: damage resistance, heal wounds, sense surroundings 1, no regeneration
a: Heal Wounds


You were on level 4 of the Dungeon.
You were hungry.

You visited 1 branch of the dungeon, and saw 4 of its levels.

You collected 164 gold pieces.

Inventory:

Hand Weapons
 l - a +1 dagger of draining (weapon)
 t - a +0 blowgun
Missiles
 b - 135 stones
 g - 2 poisoned tomahawks (quivered)
 u - 37 poisoned needles
Armour
 c - a +0 robe (worn)
 s - a cursed +0 helmet (worn)
Scrolls
 j - 2 scrolls of amnesia
 o - 2 scrolls of fear {unknown}
 r - a scroll of enchant armour {unknown}
 v - a scroll of teleportation {unknown}
 w - a scroll of remove curse {unknown}
Potions
 f - a potion of invisibility {unknown}
 h - 2 potions of curing
 i - a potion of lignification {unknown}
 m - a potion of berserk rage {unknown}
 q - 2 potions of mutation {unknown}
Books
 e - a book of Geomancy

   Spells                             Type                      Level
   a - Sandblast                      Earth                        1
   b - Passwall                       Transmutation/Earth          2
   c - Stone Arrow                    Conjuration/Earth            3
   d - Petrify                        Transmutation/Earth          4
   e - Lee's Rapid Deconstruction     Earth                        5
Comestibles
 d - 4 bread rations
 k - a fruit
 p - 2 meat rations


   Skills:
 + Level 3.9 Dodging
 - Level 2.4 Stealth
 - Level 3.0 Spellcasting
 + Level 2.0 Conjurations
   Level 0.8 Transmutations
 + Level 5.7 Earth Magic


You had 6 spell levels left.
You knew the following spells:

 Your Spells              Type           Power        Failure   Level  Hunger
a - Sandblast             Erth           ###...       1%          1    #......
b - Stone Arrow           Conj/Erth      ##....       12%         3    ###....


Dungeon Overview and Level Annotations

Branches:
Dungeon (4/15)
 Temple: D:4-7

Altars:
Nemelex Xobeh
Yredelemnul


Innate Abilities, Weirdness & Mutations

You are resistant to damage.
You can heal yourself by infusing magical energy.
You passively map a small area around you.
You do not regenerate.


Message History

The iguana closely misses you.
Casting: Sandblast
Confirm with . or Enter, or press ? or * to list all spells.
Aiming: Sandblast
Press: ? - help, Shift-Dir - straight line, f/p - iguana
Aim: an iguana (moderately wounded)
The blast of sand hits the iguana.
The iguana is heavily wounded.
b - 136 stones The iguana bites you!
* * * LOW HITPOINT WARNING * * *
Casting: Sandblast
Confirm with . or Enter, or press ? or * to list all spells.
Aiming: Sandblast
Press: ? - help, Shift-Dir - straight line, f/p - iguana
Aim: an iguana (heavily wounded)
The blast of sand misses the iguana.
b - 135 stones The iguana bites you!
You die...

, ,
,#.#.<.........
* * * ..#*
#.###########.
* ... #.# ,,,,
#. , , ,,#.?
#.# ,#. *, ,#..
#.#,* #. * ,
#..* #.# ,#. *
, #.. #[# #. ,
#..#####.# * *
* ## #..l@....#
* ,
#.########** ,
,* ,#, *,* ,,
** * * * ,* * ,
, *, , *, * * *
* , ** * *


You could see an iguana.

Vanquished Creatures
  A bullfrog (D:3)
  A howler monkey (D:4)
  Ijyb (D:3)
  Robin (D:3)
  3 adders
  An ooze (D:4)
  3 dart slugs
  2 leopard geckos (D:3)
  4 bats
  5 giant cockroaches
  12 hobgoblins
  6 jackals (D:3)
  3 quokkas
  A ball python (D:1)
  2 frilled lizards
  7 goblins
  9 kobolds
  7 rats
69 creatures vanquished.

Notes
Turn   | Place    | Note
-------+----------+-------------------------------------------
     0 | D:1      | Mesmaeker13 the Deep Dwarf Earth Elementalist began the quest for the Orb.
     0 | D:1      | Reached XP level 1. HP: 15/15 MP: 3/3
   266 | D:1      | Reached XP level 2. HP: 20/22 MP: 3/5
   789 | D:2      | Found a sparkling altar of Nemelex Xobeh.
   924 | D:2      | Reached XP level 3. HP: 17/28 MP: 3/6
  1363 | D:3      | Learned a level 3 spell: Stone Arrow
  1544 | D:3      | Reached XP level 4. HP: 22/36 MP: 3/8
  1940 | D:3      | Noticed Robin
  1962 | D:3      | Killed Robin
  1962 | D:3      | Reached skill level 5 in Earth Magic
  2312 | D:3      | Found a basalt altar of Yredelemnul.
  2437 | D:3      | Reached skill level 1 in Conjurations
  2445 | D:3      | Noticed Ijyb
  2446 | D:3      | Noticed a bullfrog
  2466 | D:3      | Killed Ijyb
  2466 | D:3      | Reached XP level 5. HP: 12/42 MP: 0/9
  2760 | D:4      | HP: 1/42 [iguana (10)]
  2761 | D:4      | Mangled by an iguana

Skill      XL: |  1  2  3  4  5 |
---------------+----------------+-----
Spellcasting   | 2 3 |  3.0
Earth Magic    | 5 |  5.7
Dodging        | 3 |  3.9
Conjurations   | 1 2 |  2.0
Stealth        | |  2.4
Transmutations | |  0.8

Action                   |  1- 3 |  4- 6 || total
-------------------------+-------+-------++-------
Melee: Short sword       |    41 |       ||    41
       Dagger            |    38 |    84 ||   122
Throw: Tomahawk          |     2 |     3 ||     5
 Cast: Sandblast         |    31 |    27 ||    58
       Stone Arrow       |       |     4 ||     4
Evoke: Wand              |       |     6 ||     6
  Use: Scroll            |     3 |     1 ||     4
       Potion            |       |     2 ||     2
 Stab: Sleeping          |     2 |     3 ||     5
  Eat: Chunk             |     2 |     4 ||     6
Armor: Robe              |    11 |     5 ||    16
Dodge: Dodged            |    76 |    36 ||   112
